 Dungeon Crawl Stone Soup version 0.27-a0-412-g8dd771eca2 (webtiles) character file.

Game seed: 10139673124457574724

46 Ijustatesigmund the Skirmisher (level 3, -7/29 HPs)
             Began as a Demonspawn Fighter on Feb 24, 2021.
             Mangled by an ogre
             ... wielding a +0 giant spiked club
              (16 damage)
             ... on level 3 of the Dungeon.
             The game lasted 00:03:09 (1563 turns).

Ijustatesigmund the Skirmisher (Demonspawn Fighter) Turns: 1563, Time: 00:03:09

Health: -7/29      AC:  6    Str: 16    XL:     3   Next: 46%
Magic:  3/3        EV:  7    Int:  9    God:
Gold:   94         SH:  9    Dex: 13    Spells: 2/2 levels left

rFire    . . .     SeeInvis .   a - +0 war axe
rCold    . . .     Faith    .   c - +1 kite shield
rNeg     . . .     Spirit   .   b - +0 scale mail
rPois    .         Reflect  .   (no helmet)
rElec    .         Harm     .   (no cloak)
rCorr    .         Rampage  .   (no gloves)
Will     .....                  (no boots)
Stlth    ..........             (no amulet)
HPRegen  0.09/turn              (no ring)
MPRegen  0.08/turn              (no ring)

@: mighty
A: spiny 1
a: no special abilities


You were on level 3 of the Dungeon.
You visited 1 branch of the dungeon, and saw 3 of its levels.

You collected 94 gold pieces.

Inventory:

Hand Weapons
 a - a +0 war axe (weapon)
Armour
 b - a +0 scale mail (worn)
 c - a +1 kite shield (worn)
Wands
 o - a wand of flame (17)
 q - a wand of charming (11)
Scrolls
 i - a scroll of blinking
 k - a scroll of fog
Potions
 d - a potion of might
 e - 2 potions of cancellation
 f - a potion of attraction
 g - a potion of resistance {unknown}
 h - a potion of heal wounds {unknown}
 j - a potion of ambrosia {unknown}
 l - a potion of flight {unknown}
 m - a potion of curing {unknown}
 n - a potion of brilliance {unknown}
 p - a potion of lignification {unknown}


   Skills:
 + Level 3.4 Fighting
 * Level 2.8 Axes
 - Level 2.6 Armour
 + Level 1.1 Dodging
 - Level 2.6 Shields


You had 2 spell levels left.
You didn't know any spells.
Your spell library was empty.

Dungeon Overview and Level Annotations

Branches:
Dungeon (3/15)

Altars:
Ru
Wu Jian
Zin


Innate Abilities, Weirdness & Mutations

You are partially covered in sharp spines.


Message History

No target in view!
No target in view!
No target in view!
No target in view!
No target in view!
No target in view!
Found a robe.
No target in view!
You see here a robe.
A giant cockroach comes into view.
You closely miss the giant cockroach. The giant cockroach barely misses you.
The giant cockroach is struck by your spines.
The giant cockroach bites you but does no damage.
You closely miss the giant cockroach.
The giant cockroach is moderately wounded.
You block the giant cockroach's attack.
The giant cockroach is struck by your spines.
The giant cockroach bites you but does no damage.
You slash the giant cockroach!
You kill the giant cockroach!
No target in view!
No target in view!
No target in view!
q - a wand of charming (11)
Found a stone staircase leading down.
An ogre comes into view. It is wielding a +0 giant spiked club.
The ogre shouts!
The ogre hits you with a +0 giant spiked club!!
Ouch! That really hurt!
You are too injured to fight recklessly!
You are too injured to fight recklessly!
You are too injured to fight recklessly!
You are too injured to fight recklessly!
You are too injured to fight recklessly!
You are too injured to fight recklessly!
You are too injured to fight recklessly!
You feel very mighty all of a sudden.
The ogre hits you with a +0 giant spiked club!
Ouch! That really hurt!
You die...

#. #. #. #. ######### . # #.
#........
..#>##.#########.######.
....................# #.
.##.....#######.##.###. ##..@##
#........ ##O## ####.#### #.
#.# #. #. #.# #.# ##+## #.##
#.# ##...## #..# #.###
##.....## #####.# #.#.##
##......^## ##.###.#
#....####)........####...##.###


You could see an ogre.

Vanquished Creatures
  A leopard gecko (D:3)
  A ball python (D:1)
  9 bats
  3 giant cockroaches
  5 goblins
  5 hobgoblins
  2 jackals (D:2)
  3 frilled lizards
  6 kobolds
  10 rats
45 creatures vanquished.

Notes
Turn   | Place    | Note
-------+----------+-------------------------------------------
     0 | D:1      | Ijustatesigmund the Demonspawn Fighter began the quest for
                  | the Orb.
     0 | D:1      | Reached XP level 1. HP: 18/18 MP: 1/1
   341 | D:1      | Gained mutation: You are partially covered in sharp spines.
                  | [demonic ancestry]
   341 | D:1      | Reached XP level 2. HP: 16/24 MP: 2/2
   874 | D:2      | Reached skill level 1 in Dodging
   874 | D:2      | Reached XP level 3. HP: 29/29 MP: 3/3
  1123 | D:2      | Found a sacrificial altar of Ru.
  1125 | D:2      | Found a glowing silver altar of Zin.
  1126 | D:2      | Found an ornate altar of the Wu Jian Council.
  1560 | D:3      | Noticed an ogre
  1563 | D:3      | Mangled by an ogre

Illustrated notes

Levels and vault maps discovered:
D:1:      giann_bridges, layout_basic, solitary_fountain
D:2:      layout_rooms, grunt_temple_overflow_open
D:3:      layout_loops_corners, fedhas_altar_1, lemuel_zombie_altar_yredelemnul

Skill      XL: |  1  2 |
---------------+-------+-----
Axes           | 2 |  2.8
Dodging        | 1 |  1.1
Fighting       | |  3.4
Armour         | |  2.6
Shields        | |  2.6

Action                   || total
-------------------------++-------
Melee: War axe           ||    99
  Use: Scroll            ||     7
       Potion            ||     1
Armor: Scale mail        ||    51
Dodge: Dodged            ||    21
Block: Kite shield       ||    53

Table legend: (Time is in decaauts)
 A = Elapsed time spent in this place.
 B = Non-inter-level travel time spent in this place.
 C = Inter-level travel time spent in this place.
 D = Time resting spent in this place.
 E = Time spent auto-exploring this place.
 F = Levels seen in this place.
 G = Mean time per level.
                   A        B        C        D        E       F      G
               +--------+--------+--------+--------+--------+-----+--------+
         Total |   1626 |   1586 |     40 |    102 |   1188 |   3 |  542.0 |
       Dungeon |   1626 |   1586 |     40 |    102 |   1188 |   3 |  542.0 |
               +--------+--------+--------+--------+--------+-----+--------+

Top non-repeatable levels by time:
     D:1: 816 daAuts
     D:2: 623 daAuts
     D:3: 187 daAuts
